 Dungeon Crawl Stone Soup version 0.29.1-1-gd02db6906a (webtiles) character file.

Game seed: 11353498117856440982

71 hawla the Firebug (level 4, 0/24 HPs)
             Began as a Deep Elf Fire Elementalist on Oct 3, 2022.
             Slain by a ball python (3 damage)
             ... on level 2 of the Dungeon.
             The game lasted 00:05:30 (1904 turns).

hawla the Firebug (Deep Elf Fire Elementalist)      Turns: 1904, Time: 00:05:31

Health: 0/24       AC:  2    Str:  5    XL:     4   Next: 5%
Magic:  5/11       EV: 13    Int: 22    God:
Gold:   62         SH:  0    Dex: 15    Spells: 3/10 levels left

rFire   . . .      SeeInvis .   h - +1 dagger (venom)
rCold   . . .      Faith    .   (no shield)
rNeg    . . .      Spirit   .   a - +0 robe
rPois   .          Reflect  .   (no helmet)
rElec   .          Harm     .   (no cloak)
rCorr   .          Rampage  .   (no gloves)
Will    .....                   (no boots)
Stlth   ++........              (no amulet)
HPRegen 0.08/turn               (no ring)
MPRegen 0.12/turn               (no ring)

@: no status effects
A: no striking features
a: no special abilities


You were on level 2 of the Dungeon.
You visited 1 branch of the dungeon, and saw 2 of its levels.

You collected 62 gold pieces.

Inventory:

Hand Weapons
 h - a +1 dagger of venom (weapon)
Armour
 a - a +0 robe (worn)
Scrolls
 b - a scroll of torment {unknown}
 d - a scroll of identify
 e - a scroll of teleportation {unknown}
Potions
 c - a potion of brilliance
 f - a potion of cancellation {unknown}
 g - a potion of curing {unknown}


   Skills:
 + Level 0.1 Fighting
 + Level 3.0 Dodging
 - Level 2.4 Stealth
 + Level 3.8 Spellcasting
 + Level 1.6 Conjurations
 + Level 4.5 Fire Magic


You had 3 spell levels left.
You knew the following spells:

 Your Spells              Type           Power      Damage    Failure   Level
a - Foxfire               Conj/Fire      68%        2x1d7     3%          1
b - Scorch                Fire           48%        2d7       2%          2
c - Flame Wave            Conj/Fire      17%        2d7       32%         4

Your spell library contained the following spells:

 Spells                   Type           Power      Damage    Failure   Level
 Conjure Flame            Conj/Fire      17%        6-21      10%         3
 Inner Flame              Hex/Fire       14%        N/A       14%         3


Dungeon Overview and Level Annotations

Branches:
Dungeon (2/15)

Altars:
Kikubaaqudgha


Message History

Memorise Flame Wave, consuming 4 spell levels and leaving 3?
You start memorising the spell.
You continue memorising.
Your foxfire dissipates!
You continue memorising.
Your magical contamination has completely faded away.
You continue memorising. x2
The gnoll shouts!
You finish memorising.
Spell assigned to 'c'.
Casting: Scorch (safe; 2% risk of failure)
Confirm with . or Enter, or press ? or * to list all spells.
You conjure some foxfire!
The ball python barely misses you. The ball python grabs you.
The ball python constricts you. The ball python barely misses you.
The ball python constricts you. The gnoll hits you with a +0 club.
The gnoll hits you from afar with a +0 halberd!
Ouch! That really hurt!
* * * LOW HITPOINT WARNING * * *
You escape the ball python's grasp.
Your foxfire dissipates!
The foxfire hits the gnoll.
The gnoll is moderately wounded.
The ball python attacks as you move away!
The ball python misses you. The gnoll attacks as you move away!
The gnoll misses you.
The ball python attacks as you move away!
The ball python barely misses you. x2
The ball python attacks as you move away!
The ball python barely misses you.
The ball python attacks as you move away!
The ball python closely misses you. x2; The ball python misses you. x2
The ball python attacks as you move away!
The ball python barely misses you. The ball python misses you.
The ball python misses you. The ball python barely misses you.
The ball python attacks as you move away!
The ball python bites you.
* * * LOW HITPOINT WARNING * * *
The ball python closely misses you. The ball python completely misses you.
The ball python attacks as you move away!
The ball python bites you.
You die...

### ##### #§§...§.≈# ###.. #...##
#§§#≈≈..§# #...# #####....#
+..≈..≈..+ #.#.###.gg..g..# ###
+..≈..≈.§+ #.......###....# #.#
#≈..≈≈#.§# #....g..# ###g##
###.###≈......§# .....g..# #.#
#.....#≈≈≈..≈≈≈#
........#####g####.....####''####
.......##......S@..........†.....
#.#######..................######
)......##..................#
†......##.....(............#
.......##...)..............#
.......##.)†....[..........#
)>........†##.##..#........#
#######....##.##)##........#
#.)..##.#..###########


You could see a gnoll and a ball python.

Vanquished Creatures
  An adder (D:2)
  A gnoll (D:2)
  A dart slug (D:1)
  3 ball pythons
  3 endoplasms
  2 giant cockroaches
  5 goblins
  2 hobgoblins (D:1)
  4 jackals (D:1)
  6 kobolds
  2 quokkas (D:1)
  8 bats
  4 frilled lizards
  6 rats
48 creatures vanquished.

Vanquished Creatures (others)
  95 foxfires
95 creatures vanquished.

Grand Total: 143 creatures vanquished

Notes
Turn   | Place    | Note
-------+----------+-------------------------------------------
     0 | D:1      | hawla the Deep Elf Fire Elementalist began the quest for
                  | the Orb.
     0 | D:1      | Reached XP level 1. HP: 10/10 MP: 6/6
   316 | D:1      | Reached XP level 2. HP: 6/15 MP: 6/8
   321 | D:1      | Learned a level 2 spell: Scorch
   739 | D:1      | Reached skill level 4 in Fire Magic
   806 | D:1      | Found a faded altar of an unknown god.
   951 | D:1      | Reached XP level 3. HP: 14/19 MP: 4/9
  1548 | D:2      | Found an ancient bone altar of Kikubaaqudgha.
  1878 | D:2      | Reached XP level 4. HP: 22/24 MP: 2/11
  1883 | D:2      | Learned a level 4 spell: Flame Wave
  1904 | D:2      | Slain by a ball python

Illustrated notes

Levels and vault maps discovered:
D:1:      scummos_arrival_forest, layout_basic,
          shapermc_ecumenical_altar_pompeii
D:2:      layout_basic, basic_altar, grunt_decor_clamped,
          kennysheep_generic_room_7

Skill      XL: |  1  2 |
---------------+-------+-----
Fire Magic     | 4 |  4.5
Dodging        | 3 |  3.0
Fighting       | |  0.1
Stealth        | |  2.4
Spellcasting   | |  3.8
Conjurations   | |  1.6

Action                   |  1- 3 |  4- 6 || total
-------------------------+-------+-------++-------
Melee: Unarmed           |     8 |       ||     8
       Dagger            |     5 |       ||     5
 Cast: Foxfire           |    57 |     1 ||    58
       Scorch            |    10 |       ||    10
  Use: Potion            |     1 |       ||     1
       Scroll            |     2 |       ||     2
 Stab: Sleeping          |     1 |       ||     1
Armor: Robe              |    11 |       ||    11
Dodge: Dodged            |    25 |    17 ||    42
